 Dungeon Crawl Stone Soup version 0.24.1-14-gf8d2b509d9 (webtiles) character file.

Game seed: 6408115879370369380, levelgen mode: deterministic

149 KlarStein the Skirmisher (level 5, -3/42 HPs)
             Began as a Demonspawn Fighter on July 8, 2020.
             Splashed by a jelly's acid (10 damage)
             ... on level 2 of the Dungeon.
             The game lasted 00:11:32 (1380 turns).

KlarStein the Skirmisher (Demonspawn Fighter)       Turns: 1380, Time: 00:11:33

Health: -3/42      AC:  2    Str: 17    XL:     5   Next: 9%
Magic:  5/5        EV:  7    Int:  9    God:
Gold:   108        SH:  9    Dex: 13    Spells: 4/4 levels left

rFire    . . .     SeeInvis .   a - +0 long sword
rCold    . . .     Gourm    .   c - +0 shield
rNeg     . . .     Faith    .   b - +0 scale mail
rPois    .         Spirit   .   (no helmet)
rElec    .         Reflect  .   (no cloak)
rCorr    .         Harm     .   (no gloves)
MR       .....                  (no boots)
Stlth    ..........             (no amulet)
HPRegen  0.14/turn              (no ring)
MPRegen  0.09/turn              (no ring)

@: corroded
A: talons 1, demonic guardian 1
a: no special abilities


You were on level 2 of the Dungeon.
You were not hungry.

You visited 1 branch of the dungeon, and saw 2 of its levels.

You collected 108 gold pieces.

Inventory:

Hand Weapons
 a - a +0 long sword (weapon)
Armour
 b - a +0 scale mail (worn)
 c - a +0 shield (worn)
Jewellery
 h - an uncursed amulet of harm
Scrolls
 e - a scroll of magic mapping {unknown}
Potions
 d - 2 potions of curing
 j - a potion of haste
Comestibles
 f - 4 rations


   Skills:
 + Level 3.9 Fighting
 + Level 2.8 Long Blades
 + Level 3.5 Armour
 + Level 3.4 Shields


You had 4 spell levels left.
You didn't know any spells.
Your spell library was empty.

Dungeon Overview and Level Annotations

Branches:
Dungeon (2/15)

Altars:


Innate Abilities, Weirdness & Mutations

You have sharp toenails.
A weak demonic guardian rushes to your aid.


Message History

a +0 dagger of venom; 2 stones You hit the jelly but do no damage.
Your hands burn!
The jelly is heavily wounded.
You block the jelly's attack.
You hit the jelly but do no damage.
Your hands burn!
The jelly is heavily wounded.
The jelly hits you but does no damage. You block the jelly's attack.
You hit the jelly. The acid corrodes you!
Your hands burn!
You claw the jelly, but do no damage.
The jelly is severely wounded.
The jelly barely misses you.
You hit the jelly but do no damage.
Your hands burn!
You claw the jelly, but do no damage.
The jelly is severely wounded.
The jelly hits you.
You are splashed with acid!
* * * LOW HITPOINT WARNING * * *
The jelly hits you.
* * * LOW HITPOINT WARNING * * *
You are splashed with acid!
You die...

#.###.....##
..## ####
####.##..)....#
#.% #
#....##.......#
#
#.#####.......#
# #.# #.......#
# #.# #....####
#.###
#....'..##
#...#
########(#
##### #JJ@5(.##
#J####### #J.
#.. #.P #.. #.P
#÷P


You could see a jelly, 2 oozes and a friendly white imp.

Vanquished Creatures
  A jelly (D:2)
  Terence (D:2)
  2 adders (D:2)
  4 oozes
  3 dart slugs
  A leopard gecko (D:2)
  5 bats
  2 giant cockroaches (D:1)
  5 goblins
  2 hobgoblins
  3 jackals
  3 frilled lizards
  15 kobolds
  A rat (D:1)
48 creatures vanquished.

Vanquished Creatures (collateral kills)
  3 oozes (D:2)
3 creatures vanquished.

Vanquished Creatures (others)
  A fungus (D:2)
  6 toadstools (D:2)
7 creatures vanquished.

Grand Total: 58 creatures vanquished

Notes
Turn   | Place    | Note
-------+----------+-------------------------------------------
     0 | D:1      | KlarStein the Demonspawn Fighter began the quest for the
                  | Orb.
     0 | D:1      | Reached XP level 1. HP: 18/18 MP: 1/1
   125 | D:1      | Gained mutation: A weak demonic guardian rushes to your
                  | aid. [demonic ancestry]
   125 | D:1      | Reached XP level 2. HP: 21/24 MP: 2/2
   587 | D:1      | Reached XP level 3. HP: 26/29 MP: 3/3
   723 | D:2      | Noticed Terence
   729 | D:2      | Killed Terence
   959 | D:2      | Gained mutation: You have sharp toenails. [demonic
                  | ancestry]
   959 | D:2      | Reached XP level 4. HP: 27/35 MP: 4/4
  1362 | D:2      | Reached XP level 5. HP: 27/42 MP: 5/5
  1380 | D:2      | Splashed by a jelly's acid

Levels and vault maps discovered:
D:1:      nzn_arrival_crosshair, layout_rooms, chequers_serial_rivers_micro_e
D:2:      cheibrodos_fertilizer, layout_loops_cross, grunt_ministairs_10,
          moated_statue, minmay_3d_cube, uniq_terence

Skill      XL: |  1  2 |
---------------+-------+-----
Long Blades    | 2 |  2.8
Armour         | 3 |  3.5
Shields        | 3 |  3.4
Fighting       | |  3.9

Action                   |  1- 3 |  4- 6 || total
-------------------------+-------+-------++-------
Melee: Long sword        |   105 |    78 ||   183
       Kick              |       |    16 ||    16
  Use: Scroll            |     2 |     3 ||     5
       Potion            |     1 |     1 ||     2
  Eat: Chunk             |       |     2 ||     2
Armor: Scale mail        |    79 |    24 ||   103
       Skin              |       |    13 ||    13
Dodge: Dodged            |    44 |    22 ||    66
Block: Shield            |    68 |    42 ||   110
       Rpst.: Long sword |     9 |     5 ||    14
